 Dungeon Crawl Stone Soup version 0.25-a0-1079-g858b6a6ff6 (webtiles) character file.

Game seed: 402388154972580198, levelgen mode: deterministic

7563 HoaS the Grappler (level 11, -7/72 HPs)
             Began as a Gargoyle Berserker on May 14, 2020.
             Was a High Priest of Trog.
             Shot with a bolt by a yaktaur captain (37 damage)
             ... on level 9 of the Dungeon on May 15, 2020.
             The game lasted 00:25:51 (8637 turns).

HoaS the Grappler (Gargoyle Berserker)              Turns: 8637, Time: 00:25:52

Health: -7/72      AC: 23    Str: 21    XL:     11   Next: 17%
Magic:  11/11      EV:  6    Int:  8    God:    Trog [*****.]
Gold:   482        SH:  0    Dex: 12    Spells: 10/10 levels left

rFire    + . .     SeeInvis +   w - +0 shortbow
rCold    + . .     Gourm    .   (shield currently unavailable)
rNeg     + + .     Faith    .   f - +0 plate armour
rPois    ∞         Spirit   .   u - +0 helmet
rElec    +         Reflect  .   A - scarf {rC+ rF+}
rCorr    .         Harm     .   v - +2 pair of gloves
MR       .....                  (no boots)
Stlth    ..........             (no amulet)
HPRegen  0.22/turn              c - ring of see invisible
MPRegen  0.12/turn              o - ring of positive energy

@: no status effects
A: negative energy resistance 1, electricity resistance, unbreathing,
petrification resistance, rot immunity, AC +8
a: Berserk, Trog's Hand, Brothers in Arms, Renounce Religion


You were on level 9 of the Dungeon.
You worshipped Trog.
Trog was extremely pleased with you.
You were not hungry.

You visited 1 branch of the dungeon, and saw 9 of its levels.

You collected 482 gold pieces.

Inventory:

Hand Weapons
 w - a +0 shortbow (weapon)
Missiles
 p - 165 arrows (quivered)
Armour
 f - a +0 plate armour (worn)
 u - a +0 helmet (worn)
 v - a +2 pair of gloves (worn)
 A - a scarf of resistance (worn)
Jewellery
 c - a ring of see invisible (left hand)
 o - a ring of positive energy (right hand)
Wands
 q - a wand of enslavement (4)
 s - a wand of paralysis (7)
 t - a wand of flame (29)
 x - a wand of disintegration (15)
 y - a wand of digging (5)
Scrolls
 i - 3 scrolls of magic mapping
 l - 3 scrolls of teleportation
 m - 3 scrolls of identify
 n - 4 scrolls of remove curse
 z - a scroll of enchant armour
 B - a scroll of fear
 C - a scroll of fog {unknown}
Potions
 d - a potion of flight {unknown}
 e - a potion of ambrosia {unknown}
 g - 3 potions of heal wounds
 h - 3 potions of lignification
 j - 3 potions of curing
 k - 2 potions of mutation {unknown}
 r - 2 potions of haste {unknown}
 D - a potion of resistance {unknown}
Comestibles
 a - 3 chunks of flesh
 b - 16 rations


   Skills:
 + Level 9.8 Fighting
 * Level 8.6 Bows
 - Level 2.1 Armour
 - Level 1.5 Dodging
 * Level 12.1 Unarmed Combat


You had 10 spell levels left.
You didn't know any spells.
Your spell library was empty.

Dungeon Overview and Level Annotations

Branches:
Dungeon (9/15)             Temple (0/1) D:7
   Lair: D:8-11         Orc: D:9-12

Altars:
Elyvilon
Fedhas
Gozag
Kikubaaqudgha
Nemelex Xobeh
Qazlal
Ru
Wu Jian
Zin
The Shining One

Shops:
D:5 [

Annotations:
D:7 2 transporters
D:9 exclusion: obsidian statue, Amnesiac's ghost, journeyman DEFi


Innate Abilities, Weirdness & Mutations

You are resistant to torment.
Your stone body is resilient. (AC +8)
You are immune to poison.
You resist negative energy. (rN+)
You are resistant to electric shocks. (rElec)
You can survive without breathing.
You are immune to petrification.
You are immune to rotting.


Message History

The yaktaur captain wields a +1 arbalest of flaming.
It bursts into flame!
The yaktaur captain shoots a bolt.
The bolt hits you!! The bolt burns you.
The obsidian statue's eyes glow briefly.
The obsidian statue attempts to bespell you!
You are mesmerised by the obsidian statue!
You see here a bolt.
You are no longer entranced.
Amnesiac's ghost wails, "You must not succeed where I failed!"
The yaktaur captain shoots a bolt.
The bolt hits you! The bolt burns you.
You see here a bolt.
You are too injured to fight recklessly!
Firing (i - inventory)
p - 166 arrows (quivered)
Press: ? - help, Shift-Dir - straight line, f - Amnesiac's ghost
Aim: Amnesiac's ghost, wielding a weapon of draining You shoot an arrow.
The arrow hits Amnesiac's ghost but does no damage.
The yaktaur captain shoots a bolt.
The bolt hits you!!!
Ouch! That really hurt!
You die...

#######......##∩8.#####.###.
#.###..#.$...# #.# #.
#.###..'....8# #.# #.
#...#..a._8$∩# #.# #.
###.#.ac....8# #.# #.
#.#s.#.....# #.# #. #####
#.#W.##∩8∩## #.# #. ....#
#.#(####### #.# #. ###.#
#####.#@# ####.###. #.#
#.......########........
###.######.###.....[.............
#.....#........##########.##.##.#
#.#.#.#.##.###.# #.##.##..
...÷....##.# #.##########.##.####
#.#.#.####.###.........##.##.#
#.....##..>..#########.##.##.#
###.####.###.#########.##.##.#


You could see a yaktaur captain, a soldier ant, a scorpion, a worker ant and
Amnesiac's ghost.

Vanquished Creatures
  Pikel (D:8)
  The ghost of p0werm0de the Skirmisher, a novice MiFi of Gozag (D:6)
  Maurice (D:9)
  A hornet (D:9)
  A merfolk (D:9)
  A hippogriff (D:9)
  14 yaks
  A steam dragon (D:8)
  A hungry ghost (D:7)
  2 water moccasins
  An orc warrior (D:8)
  An ice beast (D:6)
  3 sky beasts (D:9)
  A black bear (D:9)
  A slave (D:8)
  A phantom (D:9)
  6 ogres
  3 centaurs
  A crocodile (D:7)
  2 big kobolds
  3 bullfrogs
  A scorpion (D:7)
  3 killer bees (D:8)
  5 howler monkeys
  8 crimson imps
  2 hounds
  2 jellies (D:7)
  7 orc priests
  4 orc wizards
  Jessica (D:3)
  2 iguanas
  8 worker ants
  A hound skeleton (D:3)
  4 gnolls
  A howler monkey skeleton (D:5)
  6 adders
  3 shadow imps
  2 white imps (D:9)
  2 oozes
  An adder zombie (D:7)
  An adder skeleton (D:8)
  5 worms
  3 dart slugs
  5 leopard geckos
  29 orcs
  7 bats
  2 giant cockroaches
  7 goblins
  3 hobgoblins
  12 kobolds
  3 quokkas
  3 ball pythons
  2 frilled lizards
  A leopard gecko skeleton (D:5)
  A quokka skeleton (D:4)
  8 rats
  A fungus (D:2)
203 creatures vanquished.

Notes
Turn   | Place    | Note
-------+----------+-------------------------------------------
     0 | D:1      | HoaS the Gargoyle Berserker began the quest for the Orb.
     0 | D:1      | Reached XP level 1. HP: 14/14 MP: 1/1
   231 | D:1      | Reached XP level 2. HP: 19/19 MP: 2/2
   756 | D:2      | Reached XP level 3. HP: 13/24 MP: 3/3
   992 | D:2      | Reached skill level 4 in Unarmed Combat
  1148 | D:2      | Reached ** piety under Trog
  1321 | D:2      | Found a blossoming altar of Fedhas.
  1644 | D:3      | Reached XP level 4. HP: 29/29 MP: 4/4
  2011 | D:3      | Noticed Jessica
  2027 | D:3      | Killed Jessica
  2241 | D:3      | Reached XP level 5. HP: 34/34 MP: 5/5
  2332 | D:3      | Found a glowing golden altar of the Shining One.
  2332 | D:3      | Found a white marble altar of Elyvilon.
  2333 | D:3      | Found a glowing silver altar of Zin.
  2576 | D:3      | Reached skill level 5 in Unarmed Combat
  2935 | D:4      | Reached XP level 6. HP: 33/40 MP: 6/6
  3351 | D:5      | Entered Level 5 of the Dungeon
  3387 | D:5      | Reached skill level 5 in Fighting
  3446 | D:5      | Found Lefecodgh's Armour Emporium.
  3544 | D:5      | Found an ornate altar of the Wu Jian Council.
  3705 | D:5      | Reached *** piety under Trog
  3705 | D:5      | Reached skill level 6 in Unarmed Combat
  4032 | D:6      | Noticed a water moccasin
  4048 | D:6      | Killed a water moccasin
  4048 | D:6      | Reached XP level 7. HP: 41/44 MP: 7/7
  4164 | D:6      | Reached skill level 7 in Unarmed Combat
  4390 | D:6      | Reached skill level 8 in Unarmed Combat
  4390 | D:6      | Reached XP level 8. HP: 52/52 MP: 8/8
  4521 | D:6      | Found a stormy altar of Qazlal.
  4865 | D:6      | Found a runed translucent door.
  4866 | D:6      | Noticed p0werm0de's ghost (novice MiFi)
  5454 | D:7      | Reached skill level 1 in Bows
  5454 | D:7      | Reached skill level 9 in Unarmed Combat
  5498 | D:7      | Paralysed by fainting for 10 turns
  5644 | D:7      | Reached XP level 9. HP: 44/57 MP: 9/9
  6078 | D:7      | Reached skill level 10 in Unarmed Combat
  6083 | D:7      | Found a transporter.
  6085 | D:7      | Noticed a white ugly thing
  6086 | D:7      | Noticed a centaur warrior
  6090 | D:7      | Found a transporter.
  6093 | D:7      | Noticed a centaur warrior
  6271 | D:7      | Found a staircase to the Ecumenical Temple.
  6354 | D:7      | Found a sacrificial altar of Ru.
  6354 | D:7      | Found an ancient bone altar of Kikubaaqudgha.
  6355 | D:7      | Found a sparkling altar of Nemelex Xobeh.
  6470 | D:6      | Killed p0werm0de's ghost
  6470 | D:6      | Reached skill level 5 in Bows
  6527 | D:8      | Reached **** piety under Trog
  6741 | D:8      | Reached XP level 10. HP: 58/65 MP: 10/10
  6868 | D:8      | Noticed Pikel
  6886 | D:8      | Killed Pikel
  7055 | D:8      | Reached skill level 11 in Unarmed Combat
  7289 | D:9      | Found a runed translucent gate.
  7291 | D:9      | Found a runed translucent gate.
  7291 | D:9      | Noticed Amnesiac's ghost (journeyman DEFi)
  7292 | D:9      | Found an opulent altar of Gozag.
  7292 | D:9      | Found a runed translucent gate.
  7292 | D:9      | Noticed an obsidian statue
  7292 | D:9      | Noticed a yaktaur captain
  7800 | D:9      | Noticed Maurice
  7811 | D:9      | Killed Maurice
  7811 | D:9      | Reached ***** piety under Trog
  8115 | D:9      | Reached XP level 11. HP: 63/71 MP: 11/11
  8136 | D:9      | Reached skill level 12 in Unarmed Combat
  8557 | D:9      | Upgraded the game from 0.25-a0-1073-gf4359a17dd to
                  | 0.25-a0-1079-g858b6a6ff6
  8637 | D:9      | Shot with a bolt by a yaktaur captain

Illustrated notes

Levels and vault maps discovered:
D:1:      lemuel_arrival_lava_pool, layout_basic
D:2:      layout_loops_cross, fedhas_altar_3, first_ration
D:3:      layout_basic, good_gods_temple_1, kennysheep_big_empty_room,
          uniq_jessica
D:4:      layout_rooms, minmay_misc_feat_more_columns, nrook_mini_vaults
D:5:      layout_basic, nicolae_overflow_hidden_temple, serial_shops,
          nicolae_shop_statue_plus
D:6:      layout_basic, nicolae_qazlal_general_emergency,
          ebering_ghost_reflecting_pool, due_unseen_surprise
D:7:      layout_basic, gammafunk_temple_overflow_arena,
          minmay_temple_entry_from_below_a
D:8:      layout_rooms, uniq_pikel
D:9:      layout_loops_ring, ebering_ghost_gozag, hangedman_fish_farm,
          minmay_nine_imps, uniq_maurice

Skill      XL: |  1  2  3  4  5  6  7  8  9 10 11 |
---------------+----------------------------------+-----
Unarmed Combat | 4 5 6 8 9 10 11 12 | 12.1
Fighting       | 4 5 6 7 8 9 |  9.8
Bows           | 2 5 8 |  8.6
Armour         | |  2.1
Dodging        | |  1.5

Action                   |  1- 3 |  4- 6 |  7- 9 | 10-12 || total
-------------------------+-------+-------+-------+-------++-------
Melee: Unarmed           |   164 |   223 |   279 |   237 ||   903
       Punch             |     3 |     4 |    13 |    10 ||    30
 Fire: Shortbow          |       |       |    25 |   105 ||   130
Invok: Trog's Hand       |       |     1 |     3 |     1 ||     5
       Berserk           |       |       |     2 |     1 ||     3
  Use: Scroll            |       |    11 |     6 |       ||    17
       Potion            |       |       |       |     3 ||     3
  Eat: Chunk             |     2 |     9 |     9 |     8 ||    28
       Ration            |       |       |     1 |       ||     1
Armor: Ring mail         |    38 |       |       |       ||    38
       Scale mail        |     4 |    67 |       |       ||    71
       Chain mail        |       |    66 |   154 |    80 ||   300
       Plate armour      |       |       |       |    99 ||    99
Dodge: Dodged            |    63 |   106 |    82 |    75 ||   326

Table legend:
 A = Non-vault XP
 B = Vault XP
 C = Vault XP percentage of total XP
 D = Non-vault monster count
 E = Vault monster count
 F = Vault count percentage of total count
                 A         B        C        D         E       F
            +---------+---------+-------+---------+---------+-------
      Total |    8592 |    2213 |  20.5 |     187 |      14 |   7.0
            +---------+---------+-------+---------+---------+-------
        D:1 |      28 |       0 |   0.0 |      10 |       0 |   0.0
        D:2 |      59 |       0 |   0.0 |      24 |       0 |   0.0
        D:3 |     102 |      37 |  26.6 |      22 |       1 |   4.3
        D:4 |     133 |       0 |   0.0 |      13 |       0 |   0.0
        D:5 |     153 |       0 |   0.0 |       9 |       0 |   0.0
        D:6 |    1148 |     466 |  28.9 |      24 |       1 |   4.0
        D:7 |    2042 |       0 |   0.0 |      23 |       0 |   0.0
        D:8 |    1082 |     629 |  36.8 |      31 |       1 |   3.1
        D:9 |    3845 |    1081 |  21.9 |      31 |      11 |  26.2
            +---------+---------+-------+---------+---------+-------
